nht, chaotic female elven Wizard --- .-- -..-- | -- ---- -----...--- - -- |..................G............| -- ----------G.G.---- .- |.....@..- |.........| --........| |........-- .----....| - --.--- --- nht the Conjurer Experience level: 4 Strength: 10 Dexterity: 14 Constitution: 13 Intelligence: 20 Wisdom: 10 Charisma: 9 Health: 0(30) Energy: 53(61) Def: 1 Gold: 20 Moves: 379 Dungeon seed: Ww45aIH-CxYI4JVQ Game ID: nht_1433864908 Your Inventory: Coins $ - 20 gold pieces Weapons a - a blessed +1 quarterstaff (weapon in hands) y - 9 +0 darts z - 5 +2 crossbow bolts Armor e - an uncursed +0 cloak of magic resistance (being worn) r - an uncursed +0 pair of high boots Scrolls j - an uncursed scroll of enchant armor k - a blessed scroll of remove curse q - 2 uncursed scrolls of identify s - a blessed scroll of light u - a cursed scroll of enchant weapon w - an uncursed scroll of enchant weapon Spellbooks l - a blessed spellbook of force bolt m - a blessed spellbook of magic missile n - an uncursed spellbook of cause fear Potions f - an uncursed potion of sleeping g - an uncursed potion of gain energy h - an uncursed potion of levitation Rings c - an uncursed ring of searching (on left hand) d - an uncursed ring of invisibility Wands b - a wand of cancellation (0:5) t - a wand of light (0:13) F - a wand of striking (0:5) Tools i - an uncursed magic lamp (lit) o - a magic marker (0:57) p - an uncursed wooden flute x - a +0 pick-axe A - 5 blessed tallow candles (0:200) B - a blessed partly used tallow candle (lit) (0:36) D - an uncursed tin whistle Gems N - an uncursed worthless piece of orange glass Y - an uncursed garnet stone Spells known in the end: Name Level Category Fail Memory a - force bolt 1 attack 0% 99% b - magic missile 2 attack 0% 99% c - cause fear 3 enchantment 0% 99% Your skills at the end: Fighting Skills Weapon Skills quarterstaff [Basic] Spellcasting Skills attack spells [Basic] enchantment spells [Basic] Final Attributes: You were piously aligned. You were sleep resistant. You were magic-protected. You saw invisible. You had automatic searching. You had infravision. You are dead. Vanquished creatures: a gnome king a gnome lord 2 dwarves 2 hobbits 11 gnomes 2 jackals a grid bug a lichen 21 creatures vanquished. Voluntary challenges: You went without food. You used a wielded weapon 26 times, starting on turn 70. You read items or engraved 4 times, starting on turn 36. You never genocided any monsters. You never polymorphed an object. You never changed form. You used no wishes. You never split a pudding. You never wrote Elbereth's name. You never violated your personal moral code. You disabled loading bones files. Dungeon overview: The Dungeons of Doom: levels 1 to 2 Level 1 a long staircase Level 2 an altar to Anhur stairs to The Gnomish Mines The Gnomish Mines: levels 3 to 5 Level 3 stairs to The Dungeons of Doom Level 4 Level 5 <- You were here History has recorded: On T:1 you entered the Dungeons of Doom to retrieve the Amulet of Yendor! On T:107 you reached level 2 of The Dungeons of Doom. On T:205 you reached level 1 of The Gnomish Mines. On T:264 you reached level 2 of The Gnomish Mines. On T:271 you advanced to experience level 2. On T:285 you advanced to experience level 3. On T:323 you advanced to experience level 4. On T:357 you reached level 3 of The Gnomish Mines. Score breakdown: Gold: 20 ( 4497 points) Experience: 4 levels ( 9649 points) Exploration: 5 levels ( 9.43%) ( 8320 points) Discoveries: 6 items ( 2.17%) ( 4423 points) Valuables value: (no points given unless you survive) Artifact value: 0 ( 0 points) Variety of kills: 8 monsters ( 2.11%) ( 4358 points) Time penalty: 379 turns ( 0 points) Survival: died (score multiplied by 80%) Total score: 24997 Latest messages: A lamp lands on the altar. Your feet are frozen to the floor! The gnome hits! (3x) You die... Final status: Goodbye nht the Wizard, killed by a gnome, while frozen by a potion... You died in The Gnomish Mines on dungeon level 5 with 24997 points, and 20 pieces of gold, after 379 moves. You were level 4 with a maximum of 30 hit points when you died.